AoeStats
← Churrupito

Lombardia

507747499Analyzed
3v3 RM · 14d ago on Sep 19, 2026· 43m 33s· 6 players
Game mode
Random Map
Map size
Normal (6 player)
Population
200
Speed
Normal
Resources
Standard
Victory
Conquest
Starting age
Dark Age
Ending age
Imperial Age
RankedLock teamsTeams togetherTeam positionsShared explorationLock speedFull tech treeHidden civsTurbo modeCheats
Victory
Defeat
🇨🇳 Teutons · China
1245
+14
🇹🇼 Poles · Taiwan
1236
+14
🇨🇳 Cumans · China
1179
+18
🇸🇪 Khmer · Sweden
1215
-16
🇸🇪 Wei · Sweden
1214
-16
🇪🇸 Shu · Spain
1170
-14
JediiMastaah
6:48 Loom
8:58 Feudal Age
9:29 Double-Bit Axe
9:30 Horse Collar
11:04 Man-at-Arms
14:43 Scale Barding Armor
17:59 Forging
20:35 Castle Age
18:57 Gold Mining
19:58 Fletching
20:09 Padded Archer Armor
20:57 Bloodlines
21:23 Bodkin Arrow
22:38 Bow Saw
23:30 Ballistics
23:34 Husbandry
26:08 Heavy Plow
28:14 Leather Archer Armor
30:25 Stone Mining
32:41 Gold Shaft Mining
32:49 Wheelbarrow
38:29 Imperial Age
36:17 Hand Cart
38:23 Chain Barding Armor
38:38 Iron Casting
39:12 Stone Shaft Mining
40:24 Chemistry
39:26 Bracer
39:54 Parthian Tactics
39:45 Thumb Ring
39:39 Light Cavalry
40:51 Ring Archer Armor
Falcon
10:50 Feudal Age
15:09 Castle Age
13:35 Double-Bit Axe
17:17 Husbandry
23:58 Bloodlines
25:48 Loom
31:03 Gold Mining
33:02 Scale Barding Armor
33:08 Forging
38:55 Imperial Age
41:59 Conscription
Churrupito
7:18 Loom
9:57 Feudal Age
11:07 Double-Bit Axe
19:11 Fletching
25:11 Castle Age
25:28 Crossbowman
26:04 Bodkin Arrow
死神兒
7:12 Loom
9:25 Feudal Age
10:16 Double-Bit Axe
13:49 Horse Collar
15:02 Forging
15:48 Bloodlines
18:35 Scale Barding Armor
19:40 Wheelbarrow
20:00 Gold Mining
23:16 Castle Age
23:19 Light Cavalry
24:00 Husbandry
26:28 Chain Barding Armor
31:03 Heavy Plow
33:21 Hand Cart
33:29 Bow Saw
35:55 Szlachta Privileges
36:54 Fletching
37:39 Iron Casting
44:02 Imperial Age
ljysdd
11:06 Feudal Age
10:57 Loom
17:10 Castle Age
16:06 Double-Bit Axe
16:04 Horse Collar
18:33 Pikeman
24:30 Elite Skirmisher
25:32 Squires
26:07 Padded Archer Armor
26:52 Fletching
30:41 Stone Mining
33:32 Scale Mail Armor
34:49 Wheelbarrow
36:35 Forging
40:04 Imperial Age
39:40 Leather Archer Armor
39:20 Bodkin Arrow
41:29 Conscription
42:26 Chemistry
40:58 Elite Teutonic Knight
43:14 Bow Saw
43:07 Heavy Plow
风生水起
1:58 Loom
12:33 Feudal Age
14:36 Double-Bit Axe
15:46 Horse Collar
28:27 Fletching
33:51 Gold Mining
39:31 Castle Age
Connection lost

Rejoining the realm…

Still unreachable

The connection could not be restored.

Session expired

The server has moved on; the page needs a fresh start.